 Dungeon Crawl Stone Soup version 0.23-a0-756-g517b432 (webtiles) character file.

382 tatocazan the Skirmisher (level 7, -5/57 HPs)
             Began as a Formicid Fighter on Jan 18, 2019.
             Was a Follower of Zin.
             Slain by a mummy (6 damage)
             ... in an ossuary.
             The game lasted 00:05:52 (3176 turns).

tatocazan the Skirmisher (Formicid Fighter)         Turns: 3176, Time: 00:05:52

Health: -5/57      AC: 12    Str: 28    XL:     7   Next: 5%
Magic:  7/7        EV: 12    Int:  9    God:    Zin [*.....]
Gold:   81         SH: 11    Dex: 15    Spells: 6/6 levels left

rFire    . . .     SeeInvis +   a - +1 war axe
rCold    . . .     Gourm    .   c - +0 shield
rNeg     . . .     Faith    .   q - +0 plate armour
rPois    .         Spirit   .   (helmet unavailable)
rElec    .         Reflect  .   (no cloak)
rCorr    .         Harm     .   (no gloves)
MR       .....                  (no boots)
Stlth    ..........             (no amulet)
HPRegen  0.19/turn              h - ring of wizardry
MPRegen  0.10/turn              (no ring)

@: mighty, agile, flying
A: permanent stasis, dig shafts and tunnels, four strong arms, antennae 3,
rugged brown scales 1, blurry vision 1, clever 1
a: Dig, Shaft Self, Recite, Donate Gold, Renounce Religion


You were in an ossuary.
You worshipped Zin.
Zin was aware of your devotion.
You were not hungry.

You visited 1 branch of the dungeon, and saw 4 of its levels.
You also visited: Ossuary.

You collected 136 gold pieces.
You donated 55 gold pieces to Zin.

Inventory:

Hand Weapons
 a - a +1 war axe (weapon)
Armour
 b - a +0 scale mail
 c - a +0 shield (worn)
 q - a +0 plate armour (worn)
Jewellery
 h - a ring of wizardry (left hand)
 r - an uncursed ring of magical power {unknown}
Scrolls
 e - 2 scrolls of identify
 j - 2 scrolls of immolation
 m - a scroll of teleportation {unknown}
 n - a scroll of fog
Potions
 d - a potion of might
 i - 2 potions of haste
 s - a potion of flight
Comestibles
 f - 6 rations
 t - a chunk of flesh


   Skills:
 * Level 5.1 Fighting
 * Level 4.1 Axes
 + Level 4.3 Armour
 + Level 1.8 Dodging
 + Level 4.7 Shields


You had 6 spell levels left.
You didn't know any spells.
Your spell library was empty.

Dungeon Overview and Level Annotations

Branches:
Dungeon (4/15)
 Temple: D:4-7

Altars:
Dithmenos
Makhleb
Xom
Zin


Innate Abilities, Weirdness & Mutations

You cannot be hasted, slowed, berserked, paralysed or teleported.
You can dig through walls and to a lower floor.
Your four strong arms can wield two-handed weapons with a shield.
You have a pair of large antennae on your head. (SInv)
You are partially covered in rugged brown scales. (AC +1, +3% HP)
Scrolls take you a little longer to read.
Your mind is acute. (Int +2)


Message History

You feel very buoyant.
You fly up into the air.
You are ready to recite again.
The centaur zombie hits you.
* * * LOW HITPOINT WARNING * * *
The centaur zombie hits you but does no damage.
You take 4 damage, and have 5/56 hp.
It was a potion of mutation.
You feel extremely strange.
Rugged brown scales grow over part of your body.
Your vision blurs.
You feel clever.
Zin forgives your inadvertent chaotic act, just this once.
The mummy hits you.
* * * LOW HITPOINT WARNING * * *
The centaur zombie hits you.
* * * LOW HITPOINT WARNING * * *
You take 4 damage, and have 1/57 hp.
It was a potion of agility.
You feel agile all of a sudden. You block the centaur zombie's attack.
The mummy hits you.
You die...

#
###########.#
##.@Z..Z..^...
#..MM.......^.
#.....∩.∩.....
#............^
##.........^..
###########.#
#


You could see 2 mummies, a big kobold zombie and a centaur zombie.

Vanquished Creatures
  An ogre (D:4)
  Blork the orc (D:4)
  A hound (D:4)
  A mummy (Ossuary)
  8 adders
  4 worms
  3 dart slugs (D:1)
  3 leopard geckos
  3 orcs
  9 bats
  7 giant cockroaches
  7 goblins
  8 hobgoblins
  11 jackals
  3 quokkas
  A ball python (D:1)
  4 frilled lizards
  2 hobgoblin zombies (Ossuary)
  5 kobolds
  6 rats
88 creatures vanquished.

Notes
Turn   | Place    | Note
-------+----------+-------------------------------------------
     0 | D:1      | tatocazan the Formicid Fighter began the quest for the Orb.
     0 | D:1      | Reached XP level 1. HP: 18/18 MP: 1/1
    22 | D:1      | Reached XP level 2. HP: 21/24 MP: 2/2
   157 | D:1      | Reached XP level 3. HP: 18/29 MP: 3/3
   755 | D:2      | Reached XP level 4. HP: 36/37 MP: 4/4
   856 | D:2      | Reached skill level 1 in Dodging
  1178 | D:2      | Found a burning altar of Makhleb.
  1180 | D:2      | Found a shimmering altar of Xom.
  1400 | D:2      | Reached skill level 4 in Fighting
  1494 | D:2      | Found a glowing silver altar of Zin.
  1687 | D:2      | Became a worshipper of Zin the Law-Giver
  1688 | D:2      | Donated 42 gold pieces to Zin
  2050 | D:3      | Reached XP level 5. HP: 24/42 MP: 5/5
  2307 | D:3      | Reached * piety under Zin
  2571 | D:3      | Found a shadowy altar of Dithmenos.
  3085 | D:4      | Reached XP level 6. HP: 44/49 MP: 6/6
  3102 | D:4      | Noticed Blork the orc
  3102 | D:4      | Noticed an ogre
  3107 | D:4      | Killed an ogre
  3111 | D:4      | Killed Blork the orc
  3111 | D:4      | Reached skill level 5 in Fighting
  3144 | D:4      | Reached XP level 7. HP: 37/56 MP: 7/7
  3156 | D:4      | Found a sand-covered staircase.
  3161 | Ossuary  | Entered an ossuary
  3175 | Ossuary  | Gained mutation: You are partially covered in rugged brown
                  | scales. (AC +1, +3% HP) [potion of mutation]
  3175 | Ossuary  | Gained mutation: Scrolls take you a little longer to read.
                  | [potion of mutation]
  3175 | Ossuary  | Gained mutation: Your mind is acute. (Int +2) [potion of
                  | mutation]
  3175 | Ossuary  | HP: 2/57 [mummy (3)]
  3176 | Ossuary  | Slain by a mummy

Vault maps used:
D:1:      dpeg_arrival_pits
D:2:      zin_treasury, chequers_temple_overflow_statue_of_worship, first_ration
D:3:      grunt_dithmenos_smoke
D:4:      minmay_door_path, enter_ossuary_2, fountainhead, uniq_blork_the_orc
Ossuary:  ossuary_the_hunt_dpeg

Skill      XL: |  1  2  3  4  5  6 |
---------------+-------------------+-----
Shields        | 4 |  4.7
Dodging        | 1 |  1.8
Fighting       | 4 5 |  5.1
Axes           | 3 4 |  4.1
Armour         | 4 |  4.3

Action                   |  1- 3 |  4- 6 |  7- 9 || total
-------------------------+-------+-------+-------++-------
Melee: War axe           |   101 |   199 |     5 ||   305
Invok: Donate Gold       |       |     1 |       ||     1
       Recite            |       |       |     1 ||     1
 Abil: Dig               |       |     1 |     1 ||     2
  Use: Scroll            |       |     6 |       ||     6
       Potion            |       |       |     6 ||     6
  Eat: Chunk             |       |     8 |       ||     8
Armor: Scale mail        |    59 |    48 |       ||   107
       Plate armour      |       |    44 |     8 ||    52
Dodge: Dodged            |    35 |    65 |     3 ||   103
Block: Shield            |    69 |   122 |     2 ||   193

Table legend:
 A = Non-vault XP
 B = Vault XP
 C = Vault XP percentage of total XP
 D = Non-vault monster count
 E = Vault monster count
 F = Vault count percentage of total count
                 A         B        C        D         E       F
            +---------+---------+-------+---------+---------+-------
      Total |     428 |     118 |  21.6 |      84 |       4 |   4.5
            +---------+---------+-------+---------+---------+-------
        D:1 |      52 |       0 |   0.0 |      27 |       0 |   0.0
        D:2 |      58 |       0 |   0.0 |      19 |       0 |   0.0
        D:3 |     123 |       0 |   0.0 |      31 |       0 |   0.0
        D:4 |     195 |     100 |  33.9 |       7 |       1 |  12.5
    Ossuary |       0 |      18 | 100.0 |       0 |       3 | 100.0
            +---------+---------+-------+---------+---------+-------
